 Dungeon Crawl Stone Soup version 0.23-a0-833-g31c0f47 (webtiles) character file.

214 DrEnzyme the Chucker (level 5, 0/79 HPs)
             Began as a Troll Wanderer on Jan 23, 2019.
             Was an Initiate of Okawaru.
             Killed by divine providence
             ... invoked by an orc priest
              (8 damage)
             ... on level 4 of the Dungeon.
             The game lasted 00:09:41 (2919 turns).

DrEnzyme the Chucker (Troll Wanderer)               Turns: 2919, Time: 00:09:42

Health: 0/79       AC: 22    Str: 19    XL:     5   Next: 59%
Magic:  4/4        EV:  1    Int:  7    God:    Okawaru [......]
Gold:   239        SH:  0    Dex: 12    Spells: 4/4 levels left

rFire    + . .     SeeInvis .   b - +0 hunting sling
rCold    + . .     Gourm    +   (no shield)
rNeg     + + +     Faith    .   (armour currently unavailable)
rPois    +         Spirit   .   (helmet currently unavailable)
rElec    +         Reflect  .   (cloak currently unavailable)
rCorr    +         Harm     .   (gloves unavailable)
MR       .....     NoTele   +   (boots unavailable)
Stlth    +++.......             n - amulet of rage
HPRegen  0.63/turn              p - ring of stealth
MPRegen  0.09/turn              (no ring)

@: tree-form, resistant
A: large, unfitting armour, fast metabolism 3, gourmand, regeneration 1
a: Renounce Religion, Evoke Berserk Rage


You were on level 4 of the Dungeon.
You worshipped Okawaru.
Okawaru was noncommittal.
You were hungry.
You were a tree.
You visited 2 branches of the dungeon, and saw 5 of its levels.

You collected 239 gold pieces.

Inventory:

Hand Weapons
 a - a +2 quarterstaff
 b - a +0 hunting sling (weapon)
 d - a +0 dagger
Missiles
 z - 27 sling bullets (quivered)
Armour
 c - a +0 robe (melded)
Jewellery
 n - an amulet of rage (around neck)
 p - a ring of stealth (left branch)
Scrolls
 e - a scroll of magic mapping
 i - 2 scrolls of identify
 j - 3 scrolls of enchant armour {unknown}
 l - a scroll of fog {unknown}
 s - 2 scrolls of remove curse {unknown}
 t - 2 scrolls of random uselessness {unknown}
 w - a scroll of fear {unknown}
 x - 2 scrolls of immolation {unknown}
 y - 8 scrolls of teleportation
Potions
 g - a potion of lignification
 h - a potion of brilliance {unknown}
 k - a potion of resistance
 m - 2 potions of might {unknown}
 o - a potion of magic
 r - a potion of agility {unknown}
 u - a potion of flight {unknown}
 v - a potion of curing
Comestibles
 f - 8 rations


   Skills:
 - Level 3.3 Fighting
   Level 1.5 Axes
 - Level 1.5 Staves
 + Level 3.6 Throwing
 - Level 1.2 Dodging
 - Level 1.0 Stealth


You had 4 spell levels left.
You didn't know any spells.
Your spell library was empty.

Dungeon Overview and Level Annotations

Branches:
Dungeon (4/15)             Temple (1/1) D:4

Altars:
Ashenzari
Cheibriados
Dithmenos
Elyvilon
Fedhas
Gozag
Hepliaklqana
Kikubaaqudgha
Makhleb
Nemelex Xobeh
Okawaru
Qazlal
Sif Muna
Trog
Uskayaw
Wu Jian
Xom
Yredelemnul

Annotations:
D:4 exclusions: 2 doors, orc priest and 3 more exclusions


Innate Abilities, Weirdness & Mutations

You are too large for most types of armour.
((You have claws for hands.))
Your metabolism is lightning-fast.
You like to eat raw meat.
Your natural rate of healing is unusually fast.
((You are covered in fur. (AC +1)))
((You have extremely tough skin. (AC +3)))


Message History

You shoot a sling bullet. The sling bullet hits the orc priest!
The orc priest is severely wounded.
The orc priest hits you but does no damage.
Firing (i - inventory)
z - 29 sling bullets (quivered)
Press: ? - help, Shift-Dir - straight line, f/p - orc priest
Aim: an orc priest, wielding a +0 trident (severely wounded)
You shoot a sling bullet.
The sling bullet barely misses the orc priest.
The orc priest invokes the aid of Beogh against you.
Beogh smites you!
* * * LOW HITPOINT WARNING * * *
Firing (i - inventory)
z - 28 sling bullets (quivered)
Press: ? - help, Shift-Dir - straight line, f/p - orc priest
Aim: an orc priest, wielding a +0 trident (severely wounded)
You shoot a sling bullet.
The sling bullet hits the orc priest but does no damage.
The orc priest is severely wounded.
The orc priest mumbles some strange prayers to Beogh against you.
Beogh smites you!
You die...

...........# ...........#
...........# ......######
......# ......# ##########
......# #........#
......#####.######.#########
.......)........♣)..........
####.######.######o#........
...................)........
##########..######.#........
# #..######'##(##.... ###
#..#...(...#.# ### ..##
##..+.......#.. ...##
##...#..o(...##.# ....#
#.......o(...# .#


You could see an orc priest.

Vanquished Creatures
  An orc priest (D:4)
  An orc wizard (D:4)
  An iguana (D:4)
  A hound skeleton (D:4)
  4 adders
  A worm (D:2)
  2 dart slugs (D:1)
  A leopard gecko (D:2)
  13 orcs
  2 bats (D:1)
  8 giant cockroaches
  8 goblins
  2 hobgoblins (D:1)
  3 kobolds
  2 quokkas (D:2)
  A ball python (D:2)
  6 frilled lizards
  6 rats
63 creatures vanquished.

Notes
Turn   | Place    | Note
-------+----------+-------------------------------------------
     0 | D:1      | DrEnzyme the Troll Wanderer began the quest for the Orb.
     0 | D:1      | DrEnzyme set off with the following items: a +2
                  | quarterstaff, 2 scrolls of teleportation, a +0 robe, a +0
                  | dagger, 2 rations
     0 | D:1      | Reached XP level 1. HP: 19/19 MP: 0/0
   112 | D:1      | Reached XP level 2. HP: 25/28 MP: 1/1
   699 | D:2      | Found an iron altar of Okawaru.
   802 | D:2      | Reached XP level 3. HP: 36/36 MP: 2/2
  1241 | D:2      | Found a shattered altar of Ashenzari.
  1470 | D:3      | Reached XP level 4. HP: 45/45 MP: 3/3
  2199 | D:4      | Found a staircase to the Ecumenical Temple.
  2212 | Temple   | Entered the Ecumenical Temple
  2413 | D:2      | Became a worshipper of Warmaster Okawaru
  2573 | D:4      | Reached XP level 5. HP: 42/53 MP: 4/4
  2919 | D:4      | Killed from afar by an orc priest

Vault maps used:
D:1:      lemuel_arrival_behind_the_door_small, minmay_split_cup_small
D:2:      okawaru_ov_weapons_minmay, marbit_many_paths, first_ration,
          serial_bayou_lagoon_a, serial_bayou_pond_b,
          minmay_misc_feat_secret_circle, kennysheep_generic_room_9
D:3:      wander_river
D:4:      minmay_temple_entry_antechambers
Temple:   regret_index_temple_sphere_string

Skill      XL: |  1  2  3  4  5 |
---------------+----------------+-----
Fighting       | 2 3 |  3.3
Throwing       | 2 3 |  3.6
Axes           | |  1.5
Staves         | |  1.5
Dodging        | |  1.2
Stealth        | |  1.0

Action                   |  1- 3 |  4- 6 || total
-------------------------+-------+-------++-------
Melee: Quarterstaff      |    78 |    49 ||   127
 Fire: Hunting sling     |       |     3 ||     3
Throw: Large rock        |     2 |    13 ||    15
  Use: Scroll            |     3 |       ||     3
       Potion            |       |     6 ||     6
 Stab: Sleeping          |     6 |       ||     6
  Eat: Chunk             |    17 |     7 ||    24
Armor: Robe              |    24 |    16 ||    40
       Skin              |       |     5 ||     5
Dodge: Dodged            |    41 |    29 ||    70

Table legend:
 A = Non-vault XP
 B = Vault XP
 C = Vault XP percentage of total XP
 D = Non-vault monster count
 E = Vault monster count
 F = Vault count percentage of total count
                 A         B        C        D         E       F
            +---------+---------+-------+---------+---------+-------
      Total |     292 |      14 |   4.6 |      54 |       9 |  14.3
            +---------+---------+-------+---------+---------+-------
        D:1 |      24 |       5 |  17.2 |      12 |       3 |  20.0
        D:2 |      42 |       9 |  17.6 |      16 |       6 |  27.3
        D:3 |      70 |       0 |   0.0 |      16 |       0 |   0.0
        D:4 |     156 |       0 |   0.0 |      10 |       0 |   0.0
            +---------+---------+-------+---------+---------+-------
